 Dungeon Crawl Stone Soup version 0.23-a0-190-gdcd3064 (webtiles) character file.

389 b5mith the Skirmisher (level 6, 0/58 HPs)
             Began as a Minotaur Berserker on Sept 23, 2018.
             Was a Priest of Trog.
             Slain by Pikel
             ... wielding a +0 whip of flaming
              (2 damage)
             ... on level 4 of the Dungeon.
             The game lasted 00:09:09 (3532 turns).

b5mith the Skirmisher (Minotaur Berserker)          Turns: 3532, Time: 00:09:10

Health: 0/58       AC: 10    Str: 24    XL:     6   Next: 49%
Magic:  0/5        EV: 11    Int:  4    God:    Trog [***...]
Gold:   144        SH:  0    Dex:  9    Spells: 5/5 levels left

rFire    . . .     SeeInvis +   a - +0 falchion
rCold    + . .     Gourm    .   (no shield)
rNeg     . . .     Faith    .   A - +1 ring mail of Shadows and Fog {rPois rCorr SInv}
rPois    +         Spirit   +   n - +2 hat
rElec    .         Reflect  .   u - +0 cloak
rCorr    +         Harm     .   (no gloves)
MR       .....                  e - +0 pair of boots
Stlth    ..........             r - amulet of guardian spirit
HPRegen  0.19/turn              v - ring of protection from cold
MPRegen  0.09/turn              (no ring)

@: no status effects
A: retaliatory headbutt, horns 2
a: Berserk, Trog's Hand, Renounce Religion


You were on level 4 of the Dungeon.
You worshipped Trog.
Trog was most pleased with you.
You were very hungry.

You visited 1 branch of the dungeon, and saw 5 of its levels.

You collected 144 gold pieces.

Inventory:

Hand Weapons
 a - a +0 falchion (weapon)
 p - a +1 dagger of venom
   (You took it off a kobold on level 1 of the Dungeon)
 y - a +0 hunting sling
   (You took it off a goblin on level 3 of the Dungeon)
Missiles
 g - 107 stones (quivered)
 h - 49 poisoned needles
 o - 7 tomahawks
Armour
 b - a +0 animal skin
 e - a +0 pair of boots (worn)
   (You found it on level 1 of the Dungeon)
 k - a +0 ring mail
   (You found it on level 1 of the Dungeon)
 n - a +2 hat (worn)
   (You found it on level 1 of the Dungeon)
 u - a +0 cloak (worn)
   (You found it on level 2 of the Dungeon)
 A - the +1 ring mail of Shadows and Fog (worn) {rPois rCorr SInv}
   (You found it on level 4 of the Dungeon)

   It protects you from poison.
   It lets you see invisible.
   It provides partial protection from all sources of acid and corrosion.
Jewellery
 r - an amulet of guardian spirit (around neck)
   (You found it on level 1 of the Dungeon)
 t - an uncursed amulet of faith {unknown}
   (You found it on level 2 of the Dungeon)
 v - a ring of protection from cold (left hand)
   (You found it on level 3 of the Dungeon)
Wands
 w - a wand of flame (32)
   (You found it on level 3 of the Dungeon)
Scrolls
 f - a scroll of enchant weapon {unknown}
 i - 2 scrolls of teleportation {unknown}
 j - 5 scrolls of identify {unknown}
 m - 4 scrolls of remove curse {unknown}
 x - 2 scrolls of magic mapping {unknown}
Potions
 d - 3 potions of lignification {unknown}
 l - 2 potions of mutation {unknown}
 q - 3 potions of curing {@q1}
 s - a potion of resistance {unknown}
 z - a potion of agility {unknown}
Comestibles
 c - 6 rations


   Skills:
 + Level 6.8 Fighting
 + Level 6.8 Long Blades
 - Level 2.4 Armour
 - Level 2.1 Dodging


You had 5 spell levels left.
You didn't know any spells.
Your spell library was empty.

Dungeon Overview and Level Annotations

Branches:
Dungeon (5/15)             Temple (0/1) D:4

Altars:
Ashenzari
Elyvilon
Fedhas
Wu Jian
Yredelemnul

Shops:
D:4 :

Annotations:
D:4 Pikel


Innate Abilities, Weirdness & Mutations

You reflexively headbutt those who attack you in melee.
You have a pair of horns on your head.


Message History

The slave is heavily wounded.
Pikel zaps a wand.
You suddenly lose the ability to move!
It is a wand of paralysis (10).
The slave hits you. The slave hits you but does no damage.
The leopard gecko bites you but does no damage.
The slave hits you but does no damage.
The leopard gecko bites you but does no damage.
Pikel zaps a wand.
You resist with some effort. The slave barely misses you.
The leopard gecko completely misses you.
The slave hits you! The slave hits you.
The leopard gecko bites you but does no damage.
Pikel hits you with a whip of flaming. Pikel burns you.
The slave hits you but does no damage.
The leopard gecko bites you but does no damage.
The slave hits you. The slave hits you but does no damage.
Pikel hits you with a whip of flaming. Pikel burns you. The slave hits you.
* * * LOW HITPOINT WARNING * * *
The leopard gecko bites you but does no damage.
The slave hits you but does no damage. The slave hits you.
* * * LOW HITPOINT WARNING * * *
Pikel zaps a wand.
You resist with some effort. The slave hits you.
* * * LOW HITPOINT WARNING * * *
The leopard gecko bites you but does no damage.
The slave hits you.
* * * LOW HITPOINT WARNING * * *
The slave completely misses you. Pikel hits you with a whip of flaming.
* * * LOW HITPOINT WARNING * * *
Pikel burns you. The slave hits you but does no damage.
The leopard gecko bites you but does no damage.
The slave hits you.
* * * LOW HITPOINT WARNING * * *
The slave hits you.
* * * LOW HITPOINT WARNING * * *
You can move again.
The leopard gecko bites you but does no damage.
Pikel hits you with a whip of flaming.
* * * LOW HITPOINT WARNING * * *
Pikel burns you.
* * * LOW HITPOINT WARNING * * *
The slave hits you but does no damage. The slave closely misses you.
The leopard gecko closely misses you. The slave hits you but does no damage.
You climb upwards.
There is a stone staircase leading down here.
Unknown command.
It was a potion of curing.
You feel better. Pikel hits you with a whip of flaming.
* * * LOW HITPOINT WARNING * * *
Pikel burns you.
You die...

#.................#
#.###############.#
#.#.............#.#
#.#.#####.#.###.#.#
##.#.#####.#...#.#.#
#..[.......#...#.#.#
###########..........#.###.#.#
...............lpK...#.....#>#
..............pp@#<#.#######.#
............########.#.....#.#
............#
#......#.###.#.####
............# #.######.#
#.#..... ............# #.# #.#
#.###### ............# #.#
#.###.# # ............# #.#
#.#...# # ............###'##
#.#.### # ............#....#
#.#.# #


You could see Pikel, 3 slaves and a leopard gecko.

Vanquished Creatures
  A phantom (D:4)
  A scorpion (D:4)
  2 bullfrog skeletons (D:4)
  An orc priest (D:4)
  An iguana (D:4)
  5 adders
  An adder skeleton (D:4)
  2 leopard geckos
  10 orcs
  7 bats
  5 giant cockroaches
  5 goblins
  7 hobgoblins
  9 jackals
  2 quokkas
  2 ball pythons
  7 frilled lizards
  7 kobolds
  8 rats
83 creatures vanquished.

Notes
Turn   | Place    | Note
-------+----------+-------------------------------------------
     0 | D:1      | b5mith the Minotaur Berserker began the quest for the Orb.
     0 | D:1      | Reached XP level 1. HP: 19/19 MP: 0/0
   229 | D:1      | Reached XP level 2. HP: 27/27 MP: 1/1
  1041 | D:2      | Reached XP level 3. HP: 33/34 MP: 0/2
  1290 | D:2      | Reached ** piety under Trog
  1501 | D:2      | Reached XP level 4. HP: 37/41 MP: 3/3
  1554 | D:2      | Reached skill level 5 in Fighting
  1554 | D:2      | Reached skill level 5 in Long Blades
  1658 | D:2      | Found a shattered altar of Ashenzari.
  2221 | D:3      | Found a white marble altar of Elyvilon.
  2458 | D:3      | Found a basalt altar of Yredelemnul.
  2812 | D:4      | Found a staircase to the Ecumenical Temple.
  2819 | D:4      | Reached XP level 5. HP: 41/49 MP: 4/4
  2824 | D:4      | Got a heavily runed ring mail
  2835 | D:4      | Identified the +1 ring mail of Shadows and Fog {rPois rCorr
                  | SInv} (You found it on level 4 of the Dungeon)
  2835 | D:4      | Noticed a phantom
  2901 | D:4      | Killed a phantom
  2901 | D:4      | Reached XP level 6. HP: 38/58 MP: 5/5
  3249 | D:4      | Found Elamed's Book Emporium.
  3267 | D:4      | Reached *** piety under Trog
  3369 | D:4      | Found an ornate altar of the Wu Jian Council.
  3371 | D:4      | Found a blossoming altar of Fedhas.
  3520 | D:5      | Entered Level 5 of the Dungeon
  3520 | D:5      | Noticed Pikel
  3520 | D:5      | Noticed a slave
  3520 | D:5      | Noticed a slave
  3520 | D:5      | Noticed a slave
  3520 | D:5      | Noticed a slave
  3522 | D:5      | Paralysed by Pikel for 7 turns
  3530 | D:5      | HP: 2/58 [Pikel/whip of flaming (4)]
  3532 | D:4      | Slain by Pikel

Vault maps used:
D:1:      dpeg_arrival_tiny_a
D:2:      ashenzari_conservatory_becter, first_ration
D:3:      lemuel_crystal_altar, lemuel_coloured_pillars_altar
D:4:      nicolae_overflow_hidden_temple, minmay_temple_entry_grid,
          serial_shops, shop
D:5:      kennysheep_mini_moat, overflow_temple_1_default, led_sif_pool,
          uniq_pikel

Skill      XL: |  1  2  3  4  5 |
---------------+----------------+-----
Fighting       | 4 5 6 |  6.8
Long Blades    | 4 5 6 |  6.8
Armour         | |  2.4
Dodging        | |  2.1

Action                   |  1- 3 |  4- 6 || total
-------------------------+-------+-------++-------
Melee: Falchion          |    66 |   121 ||   187
       Headbutt          |     4 |    24 ||    28
  Use: Potion            |       |     1 ||     1
  Eat: Chunk             |     2 |     5 ||     7
Armor: Ring mail         |    24 |    50 ||    74
Dodge: Dodged            |    33 |    61 ||    94
       Rpst.: Falchion   |     7 |    21 ||    28

Table legend:
 A = Non-vault XP
 B = Vault XP
 C = Vault XP percentage of total XP
 D = Non-vault monster count
 E = Vault monster count
 F = Vault count percentage of total count
                 A         B        C        D         E       F
            +---------+---------+-------+---------+---------+-------
      Total |     556 |       0 |   0.0 |      83 |       0 |   0.0
            +---------+---------+-------+---------+---------+-------
        D:1 |      32 |       0 |   0.0 |      21 |       0 |   0.0
        D:2 |      89 |       0 |   0.0 |      24 |       0 |   0.0
        D:3 |      46 |       0 |   0.0 |      21 |       0 |   0.0
        D:4 |     389 |       0 |   0.0 |      17 |       0 |   0.0
            +---------+---------+-------+---------+---------+-------
